 Dungeon Crawl Stone Soup version 0.19.1-1-g22dce08 (webtiles) character file.

128 godfroggy the Insei (level 4, 0/32 HPs)
             Began as a Demonspawn Transmuter on Jan 9, 2017.
             Succumbed to a worker ant's poison
             ... on level 3 of the Dungeon.
             The game lasted 00:09:28 (2902 turns).

godfroggy the Insei (Demonspawn Transmuter)         Turns: 2902, Time: 00:09:29

Health: 0/32       AC:  6    Str: 11    XL:     4   Next: 86%
Magic:  7/7        EV: 12    Int: 15    God:
Gold:   96         SH:  0    Dex: 13    Spells: 2 memorised, 3 levels left

rFire  . . .     SeeInvis .       - Unarmed
rCold  . . .     Gourm    .     b - +0 robe
rNeg   . . .     Faith    .     (no shield)
rPois  .         Spirit   .     (helmet restricted)
rElec  .         Reflect  .     j - +0 cloak
rCorr  .         Harm     .     l - +0 pair of gloves
MR     .....                    (no boots)
Stlth  +.........               (no amulet)
                                (no ring)
                                (no ring)

@: lethally poisoned (0 -> -15)
A: antennae 1, thin metallic scales 1
a: no special abilities


You were on level 3 of the Dungeon.
You were not hungry.

You visited 1 branch of the dungeon, and saw 3 of its levels.

You collected 96 gold pieces.

Inventory:

Missiles
 a - 123 arrows
Armour
 b - a +0 robe (worn)
 j - a +0 cloak (worn)
 l - a +0 pair of gloves (worn)
 n - a +0 pair of boots
Jewellery
 t - an uncursed amulet of guardian spirit {unknown}
Scrolls
 f - a scroll of immolation {unknown}
 g - 2 scrolls of random uselessness {unknown}
 h - 3 scrolls of identify {unknown}
 i - a scroll of fog {unknown}
 p - a scroll of teleportation {unknown}
 s - 2 scrolls of blinking {unknown}
Potions
 k - a potion of magic {unknown}
 o - a potion of ambrosia {unknown}
 q - a potion of flight {unknown}
 u - a potion of heal wounds {unknown}
Books
 c - a book of Changes

   Spells                             Type                      Level
   a - Beastly Appendage              Transmutation                1
   b - Sticks to Snakes               Transmutation                2
   c - Spider Form                    Transmutation/Poison         3
   d - Ice Form                       Ice/Transmutation            4
   e - Blade Hands                    Transmutation                5
Comestibles
 d - a bread ration
 m - 6 fruits
 r - a slice of pizza


   Skills:
 - Level 1.0 Fighting
 - Level 1.7 Dodging
 - Level 5.0 Unarmed Combat
 - Level 2.0 Spellcasting
 + Level 2.1 Transmutations


You had 3 spell levels left.
You knew the following spells:

 Your Spells              Type           Power        Failure   Level  Hunger
a - Beastly Appendage     Tmut           #.....       12%         1    #......
b - Spider Form           Tmut/Pois      #.........   43%         3    ###....


Dungeon Overview and Level Annotations

Branches:
Dungeon (3/15)

Altars:
Fedhas


Innate Abilities, Weirdness & Mutations

You have a pair of small antennae on your head.
You are partially covered in thin metallic scales. (AC +2)


Message History

The worker ant is severely wounded.
You feel sick. The worker ant closely misses you.
You hit the worker ant.
The worker ant is severely wounded.
* * * LOW HITPOINT WARNING * * *
You feel sick.
The worker ant bites you but does no damage.
You hit the worker ant but do no damage.
The worker ant is severely wounded.
* * * LOW HITPOINT WARNING * * *
You feel sick. The worker ant closely misses you.
You completely miss the worker ant. Your punch misses the worker ant.
The worker ant is severely wounded.
* * * LOW HITPOINT WARNING * * *
You feel sick. The worker ant bites you.
* * * LOW HITPOINT WARNING * * *
Wield which item (- for none, * to show all)? (? for menu, Esc to quit)
Okay, then.
It was a potion of cure mutation.
It has a very clean taste.
You die...

###########
#.........#
#.........#
##.........#
###..........#
###........a@..#
#.....####.#####
####...†.# #..###
#..a.....###)...#
##.####.....#)##.#
....#
#.......##........ .
..# #.......##..).....
#
#.###.......#......K..
#
#.##...)..............


You could see a worker ant.

Vanquished Creatures
  Jessica (D:2)
  2 adders
  An ooze (D:2)
  2 worms
  5 leopard geckos
  An orc (D:3)
  A ball python (D:1)
  6 giant cockroaches
  5 goblins
  7 hobgoblins
  4 jackals (D:2)
  5 kobolds
  10 bats
  7 frilled lizards
  7 rats
64 creatures vanquished.

Notes
Turn   | Place    | Note
-------+----------+-------------------------------------------
     0 | D:1      | godfroggy the Demonspawn Transmuter began the quest for the Orb.
     0 | D:1      | Reached XP level 1. HP: 15/15 MP: 3/3
   255 | D:1      | Reached skill level 3 in Unarmed Combat
   485 | D:1      | Gained mutation: You have a pair of small antennae on your head. [demonic ancestry]
   485 | D:1      | Reached XP level 2. HP: 21/21 MP: 5/5
  1297 | D:2      | Gained mutation: You are partially covered in thin metallic scales. (AC +2) [demonic ancestry]
  1297 | D:2      | Reached XP level 3. HP: 17/26 MP: 6/6
  1589 | D:2      | Reached skill level 4 in Unarmed Combat
  1851 | D:2      | Noticed Jessica
  1859 | D:2      | Killed Jessica
  1859 | D:2      | Reached XP level 4. HP: 32/32 MP: 5/7
  2246 | D:2      | Learned a level 3 spell: Spider Form
  2600 | D:3      | Reached skill level 5 in Unarmed Combat
  2615 | D:3      | Found a blossoming altar of Fedhas.
  2901 | D:3      | HP: 1/32 [worker ant (6)]
  2902 | D:3      | Succumbed to a worker ant's poison

Skill      XL: |  1  2  3  4 |
---------------+-------------+-----
Unarmed Combat | 3 4 5 |  5.0
Transmutations | 2 |  2.1
Fighting       | |  1.0
Dodging        | |  1.7
Spellcasting   | |  2.0

Action                   |  1- 3 |  4- 6 || total
-------------------------+-------+-------++-------
Melee: Unarmed           |   175 |    84 ||   259
       Kick              |     5 |     3 ||     8
       Punch             |     1 |     1 ||     2
 Cast: Beastly Appendage |     3 |     1 ||     4
  Use: Potion            |       |     1 ||     1
 Stab: Sleeping          |     1 |     1 ||     2
  Eat: Chunk             |     3 |     4 ||     7
Armor: Robe              |    47 |    27 ||    74
Dodge: Dodged            |   151 |    52 ||   203
